 Dungeon Crawl Stone Soup version 0.27-a0-1280-g9d2d252d84 (webtiles) character file.

Game seed: 2889878372761637586

114 Glokmah the Charlatan (level 4, -2/33 HPs)
             Began as a Demonspawn Artificer on June 13, 2021.
             Succumbed to a kobold's poison
             ... on level 2 of the Dungeon.
             The game lasted 00:02:41 (2043 turns).

Glokmah the Charlatan (Demonspawn Artificer)        Turns: 2043, Time: 00:02:41

Health: -2/33      AC:  6    Str: 13    XL:     4   Next: 66%
Magic:  4/4        EV: 10    Int: 12    God:
Gold:   36         SH:  4    Dex: 14    Spells: 3/3 levels left

rFire    . . .     SeeInvis .   a - +0 dagger
rCold    . . .     Faith    .   g - +0 buckler
rNeg     . . .     Spirit   .   b - +0 leather armour
rPois    .         Reflect  .   (helmet restricted)
rElec    .         Harm     .   (no cloak)
rCorr    .         Rampage  .   f - +2 pair of gloves
Will     .....                  (no boots)
Stlth    +.........             (no amulet)
HPRegen  0.11/turn              (no ring)
MPRegen  0.09/turn              (no ring)

@: mighty, lethally poisoned (-2 -> -32)
A: horns 1, powered by death 1, powered by pain 1
a: no special abilities


You were on level 2 of the Dungeon.
You visited 1 branch of the dungeon, and saw 2 of its levels.

You collected 36 gold pieces.

Inventory:

Hand Weapons
 a - a +0 dagger (weapon)
Armour
 b - a +0 leather armour (worn)
 f - a +2 pair of gloves (worn)
 g - a +0 buckler (worn)
Magical Staves
 k - a staff of fire
Wands
 c - a wand of flame (13) (quivered)
 d - a wand of charming (15)
Scrolls
 h - a scroll of teleportation {unknown}
 i - a scroll of noise {unknown}
Miscellaneous
 e - a piece from Xom's chessboard (15/15)


   Skills:
 + Level 2.1 Fighting
 + Level 2.4 Armour
 - Level 0.8 Dodging
 - Level 0.8 Stealth
 * Level 1.6 Shields
 * Level 4.1 Evocations


You had 3 spell levels left.
You didn't know any spells.
Your spell library contained the following spells:

 Spells                   Type           Power      Damage    Failure   Level
 Magic Dart               Conj           0%         1d3       50%         1
 Blink                    Tloc           N/A        N/A       65%         2
 Call Imp                 Summ           0%         N/A       65%         2
 Slow                     Hex            0%         N/A       65%         2
 Conjure Flame            Conj/Fire      0%         6-21      86%         3
 Mephitic Cloud           Conj/Pois/Air  0%         N/A       86%         3


Dungeon Overview and Level Annotations

Branches:
Dungeon (2/15)

Altars:


Innate Abilities, Weirdness & Mutations

You have a pair of small horns on your head.
You regenerate a little health from kills.
You sometimes gain a little power by taking damage.


Message History

The water moccasin skeleton is heavily damaged.
You closely miss the kobold. You hit the kobold.
The kobold is moderately wounded.
The kobold barely misses you.
You hit the kobold but do no damage. Your headbutt misses the kobold.
The kobold is moderately wounded.
The kobold hits you with a +2 dagger of venom.
You are poisoned.
You hit the kobold.
The kobold is severely wounded.
You feel very sick. The kobold hits you but does no damage.
You are more poisoned.
The kobold barely misses you.
You barely miss the kobold.
The kobold is severely wounded.
You feel very sick.
The kobold hits you with a +2 dagger of venom.
You are lethally poisoned!
You hit the kobold but do no damage.
The kobold is severely wounded.
You feel very sick. The kobold hits you but does no damage.
You are more poisoned.
There is a lethal amount of poison in your body!
Aiming: Throw Flame
Press: ? - help, Shift-Dir - straight line, f - kobold
Aim: a kobold, wielding a +2 dagger of venom (severely wounded, 64% to hit)
The puff of flame misses the kobold.
The puff of flame hits the water moccasin skeleton.
The water moccasin skeleton is heavily damaged.
* * * LOW HITPOINT WARNING * * *
You feel extremely sick. The kobold hits you but does no damage.
You are more poisoned.
Unknown command.
It was a potion of might.
You feel very mighty all of a sudden.
You die...

#.# #.# ###.#####
........# ........#
........# .†......#
##. ........#
######.....
#####..##
####..@KZ...# ##.#
#....######..# #.#
##.####
##.###..#######
#####..............
.......##...#######
.......##...#
.....#..#...#
.....##.....# #.##.


You could see a kobold and a water moccasin skeleton.

Vanquished Creatures
  A phantom (D:2)
  A dart slug (D:1)
  5 bats (D:1)
  4 endoplasms
  2 giant cockroaches
  4 goblins (D:1)
  A hobgoblin (D:1)
  A quokka (D:2)
  4 ball pythons
  A frilled lizard (D:1)
  4 rats
28 creatures vanquished.

Notes
Turn   | Place    | Note
-------+----------+-------------------------------------------
     0 | D:1      | Glokmah the Demonspawn Artificer began the quest for the
                  | Orb.
     0 | D:1      | Reached XP level 1. HP: 15/15 MP: 1/1
   246 | D:1      | Found a faded altar of an unknown god.
   547 | D:1      | Gained mutation: You have a pair of small horns on your
                  | head. [demonic ancestry]
   547 | D:1      | Reached XP level 2. HP: 20/21 MP: 2/2
  1713 | D:2      | Gained mutation: You regenerate a little health from kills.
                  | [demonic ancestry]
  1713 | D:2      | Reached XP level 3. HP: 23/26 MP: 3/3
  1921 | D:2      | Noticed a phantom
  1936 | D:2      | Killed a phantom
  1937 | D:2      | Reached skill level 1 in Shields
  1937 | D:2      | Reached skill level 4 in Evocations
  1937 | D:2      | Gained mutation: You sometimes gain a little power by
                  | taking damage. [demonic ancestry]
  1937 | D:2      | Reached XP level 4. HP: 25/33 MP: 4/4
  2043 | D:2      | Succumbed to a kobold's poison

Illustrated notes

Levels and vault maps discovered:
D:1:      ncdulo_wetmaze, layout_basic, ebering_ecumenical_altar_sacrificial,
          minmay_door_square
D:2:      layout_rooms, uniq_natasha

Skill      XL: |  1  2  3 |
---------------+----------+-----
Armour         | 2 |  2.4
Fighting       | 2 |  2.1
Shields        | 1 |  1.6
Evocations     | 4 |  4.1
Dodging        | |  0.8
Stealth        | |  0.8

Action                   |  1- 3 |  4- 6 || total
-------------------------+-------+-------++-------
Melee: Dagger            |   104 |    16 ||   120
       Club              |    12 |       ||    12
       Headbutt          |    12 |     3 ||    15
Evoke: Wand              |     1 |     1 ||     2
       Piece from Xom's  |     4 |       ||     4
  Use: Potion            |       |     1 ||     1
 Stab: Sleeping          |     4 |       ||     4
       Paralysed         |     5 |       ||     5
Armor: Leather armour    |    42 |     6 ||    48
Dodge: Dodged            |    62 |     6 ||    68
Block: Buckler           |     9 |     1 ||    10

Table legend: (Time is in decaauts)
 A = Elapsed time spent in this place.
 B = Non-inter-level travel time spent in this place.
 C = Inter-level travel time spent in this place.
 D = Time resting spent in this place.
 E = Time spent auto-exploring this place.
 F = Levels seen in this place.
 G = Mean time per level.
                   A        B        C        D        E       F      G
               +--------+--------+--------+--------+--------+-----+--------+
         Total |   2059 |   1970 |     89 |    103 |   1537 |   2 | 1029.5 |
       Dungeon |   2059 |   1970 |     89 |    103 |   1537 |   2 | 1029.5 |
               +--------+--------+--------+--------+--------+-----+--------+

Top non-repeatable levels by time:
     D:1: 1753 daAuts
     D:2: 305 daAuts
